 Dungeon Crawl Stone Soup version 0.13.1 (webtiles) character file.

179 Chiseanne the Charlatan (level 3, 0/27 HPs)
             Began as a Vampire Artificer on Nov 28, 2013.
             Hit by an orcish spear thrown by an orc (5 damage)
             ... on Level 3 of the Dungeon.
             The game lasted 00:05:18 (1960 turns).

Chiseanne the Charlatan (Vampire Artificer)         Turns: 1960, Time: 00:05:18

HP   0/27        AC  6     Str 11      XL: 3   Next: 60%
MP   5/5         EV  9     Int 14      God:
Gold 127         SH  0     Dex 14      Spells:  0 memorised,  2 levels left

Res.Fire  : . . .   See Invis. : +   m - +0 hand axe
Res.Cold  : . . .   Warding    : .   x - +1 dwarf ring mail
Life Prot.: . . .   Conserve   : .   (no shield)
Res.Poison: .       Res.Corr.  : .   j - +0 cap
Res.Elec. : .       Clarity    : .   (no cloak)
Sust.Abil.: . .     Spirit.Shd : .   (no gloves)
Res.Mut.  : .       Stasis     : .   (no boots)
Res.Rott. : .       Flight     : .   (no amulet)
Saprovore : . . .                    (no ring)
                                     i - ring of sustenance

@: regenerating quickly, slightly resistant to hostile enchantments, unstealthy
A: fangs 3, see invisible, unbreathing
a: no special abilities


You were on level 3 of the Dungeon.
You were very full.

You visited 1 branch of the dungeon, and saw 3 of its levels.

You collected 107 gold pieces.

Inventory:

Hand weapons
 m - a +0,+0 hand axe (weapon)
Missiles
 k - 2 needles of confusion
Armour
 j - a +0 cap (worn)
 x - a +1 dwarven ring mail (worn)
Magical devices
 b - a wand of flame (12)
 c - a wand of enslavement (15)
 d - a wand of random effects (15)
Comestibles
 o - a meat ration
 r - a pear
Scrolls
 e - 4 scrolls of blinking {unknown}
 g - a scroll of amnesia {unknown}
 h - a scroll of enchant weapon I {unknown}
 l - a scroll of identify {unknown}
 n - 2 scrolls of teleportation {unknown}
 u - a scroll of curse armour {unknown}
 w - a scroll of random uselessness {unknown}
Jewellery
 i - a ring of sustenance (left hand)
Potions
 a - 2 potions of brilliance {unknown}
 f - a potion of blood
 p - a potion of might {unknown}
 q - a potion of paralysis {unknown}
 s - 3 potions of heal wounds {unknown}
 t - 2 potions of agility {unknown}
 v - a potion of invisibility {unknown}


   Skills:
 * Level 1.1 Fighting
   Level 1.1 Short Blades
 * Level 0.5 Axes
 * Level 0.4 Armour
 * Level 3.1 Dodging
 - Level 1.5 Stealth
 * Level 3.4 Evocations


You had 2 spell levels left.
You didn't know any spells.

Dungeon Overview and Level Annotations

Branches:
Dungeon (3/27)

Altars:
Yredelemnul


Innate Abilities, Weirdness & Mutations

Your natural rate of healing is unusually fast.
You have razor-sharp teeth.*
You have supernaturally acute eyesight.
You can survive without breathing.*


Message History

An orc wizard comes into view. It is wielding an orcish dagger.
An orc comes into view. It is wielding an orcish club.
The orc wizard shouts!
The orc shouts!
You see here an orcish flail.
The orc wizard mumbles some strange words.
The orc wizard seems to speed up.
The orc wizard barely misses you.
You closely miss the orc wizard.
The orc wizard hits you but does no damage.
The orc wizard gestures at you while chanting.
The magic dart hits you! The orc wizard misses you.
The orc wizard casts a spell.
The orc wizard blinks!
The orc throws an orcish spear.
The orcish spear hits you!
* * * LOW HITPOINT WARNING * * *
You see here an orcish spear.
The orc wizard noisily yells encouragement to no one in particular.
The orc throws an orcish spear.
The orcish spear hits you!
You die...

. . #....$.# #...#
#..))..# #...# #....#.#
#...# #.o.## # #...# #oo##
####...########).#
.............##.o#
.................#
.............###@#
####...####### #.# #...#
#.# #...# #.# #...# #.#
#...# #####.# #...# #..
..# ##.## #.#
#.########.#... ##
#.######.###.#...<..).....


You could see an orc wizard and 3 orcs.

Vanquished Creatures
  An adder (D:2)
  An ooze (D:1)
  An orc (D:3)
  3 bats
  6 goblins
  8 hobgoblins
  3 kobolds
  A ball python (D:2)
  5 giant cockroaches
  A giant gecko (D:1)
  3 giant newts (D:1)
  5 rats
38 creatures vanquished.

Notes
Turn   | Place    | Note
--------------------------------------------------------------
     0 | D:1      | Chiseanne, the Vampire Artificer, began the quest for the Orb.
     0 | D:1      | Reached XP level 1. HP: 16/16 MP: 2/2
    44 | D:1      | Reached skill level 1 in Fighting
   209 | D:1      | Reached skill level 3 in Evocations
   209 | D:1      | Reached XP level 2. HP: 12/22 MP: 4/4
  1002 | D:2      | Reached XP level 3. HP: 15/27 MP: 5/5
  1279 | D:2      | Found a basalt altar of Yredelemnul.
  1960 | D:3      | Hit by an orcish spear thrown by an orc

Action                   || total
-------------------------++-------
Melee: Short sword       ||    41
       Hand axe          ||   102
Evoke: Wand              ||     3
